 Dungeon Crawl Stone Soup version 0.22-a0-558-gc224181 (webtiles) character file.

2009 Darkshadow the Cudgeler (level 9, 0/55 HPs)
             Began as a Gargoyle Conjurer on June 27, 2018.
             Slain by a killer bee (2 damage)
             ... on level 7 of the Dungeon.
             The game lasted 00:41:12 (9319 turns).

Darkshadow the Cudgeler (Gargoyle Conjurer)         Turns: 9319, Time: 00:41:13

Health: 0/55       AC: 18    Str: 15    XL:     9   Next: 22%
Magic:  1/12       EV:  9    Int: 16    God:
Gold:   285        SH:  6    Dex: 10    Spells: 9/12 levels left

rFire    . . .     SeeInvis .   t - +0 morningstar
rCold    . . .     Gourm    .   D - +2 buckler
rNeg     + . .     Faith    .   v - +0 scale mail
rPois    ∞         Spirit   .   d - +2 hat
rElec    +         Reflect  .   (no cloak)
rCorr    .         Harm     .   x - +1 pair of gloves
MR       .....                  (no boots)
Stlth    ..........             (no amulet)
HPRegen  0.18/turn              m - ring of poison resistance
MPRegen  0.13/turn              p - ring of wizardry

@: no status effects
A: negative energy resistance 1, electricity resistance, unbreathing,
petrification resistance, rot immunity, AC +6
a: no special abilities


You were on level 7 of the Dungeon.
You were hungry.

You visited 2 branches of the dungeon, and saw 8 of its levels.

You collected 285 gold pieces.

Inventory:

Hand Weapons
 t - a +0 morningstar (weapon)
 B - a +1 mace of protection
Missiles
 f - 5 javelins (quivered)
Armour
 d - a +2 hat (worn)
 v - a +0 scale mail (worn)
 x - a +1 pair of gloves (worn)
 D - a +2 buckler (worn)
Jewellery
 m - a ring of poison resistance (left hand)
 p - a ring of wizardry (right hand)
Scrolls
 a - a scroll of remove curse {@r2}
 b - a scroll of enchant weapon {unknown}
 h - 5 scrolls of identify {@r1}
 i - a scroll of amnesia
 j - 2 scrolls of random uselessness
 q - a scroll of fear {unknown}
 u - a scroll of fog {unknown}
 y - a scroll of enchant armour
Potions
 e - 2 potions of agility {unknown}
 k - a potion of heal wounds {unknown}
 l - 4 potions of curing {@q1}
 n - a potion of magic {unknown}
 r - a potion of might {unknown}
 s - a potion of berserk rage {unknown}
 z - a potion of mutation {unknown}
 C - a potion of degeneration {unknown}
Comestibles
 c - 12 rations
 g - 3 chunks of flesh


   Skills:
 + Level 6.1 Fighting
   Level 1.1 Short Blades
 * Level 7.1 Maces & Flails
 + Level 6.1 Armour
 - Level 1.5 Dodging
 - Level 2.1 Stealth
 + Level 3.6 Shields
 - Level 2.1 Spellcasting
 - Level 4.6 Conjurations
 + Level 0.3 Translocations


You had 9 spell levels left.
You knew the following spells:

 Your Spells              Type           Power        Failure   Level  Hunger
a - Magic Dart            Conj           ###.         4%          1    #......
b - Blink                 Tloc           N/A          34%         2    ###....

Your spell library contained the following spells:

 Spells                   Type           Power        Failure   Level  Hunger
 Conjure Flame            Conj/Fire      #.......     32%         3    ###....
 Slow                     Hex            #.......     38%         2    ###....
 Mephitic Cloud           Conj/Pois/Air  #.......     41%         3    ###....
 Iskenderun's Mystic Bla  Conj           ###.....     38%         4    #####..
 Call Imp                 Summ           #.......     38%         2    ###....
 Fulminant Prism          Conj/Hex       #.........   69%         4    #####..
 Dazzling Spray           Conj/Hex       #.....       32%         3    ###....
 Force Lance              Conj/Tloc      #.......     67%         4    #####..
 Searing Ray              Conj           ###...       6%          2    ###....


Dungeon Overview and Level Annotations

Branches:
Dungeon (7/15)             Temple (1/1) D:6

Altars:
Ashenzari
Elyvilon
Gozag
Hepliaklqana
Nemelex Xobeh
Trog
Xom
Zin
The Shining One

Annotations:
D:6 Eustachio


Innate Abilities, Weirdness & Mutations

You are resistant to torment.
Your stone body is resilient. (AC +6)
You are immune to poison.
You resist negative energy. (rN+)
You are resistant to electric shocks. (rElec)
You can survive without breathing.
You are immune to petrification.
You are immune to rotting.


Message History

The killer bee stings you.
* * * LOW HITPOINT WARNING * * *
Casting: Magic Dart (safe; 4% risk of failure)
Confirm with . or Enter, or press ? or * to list all spells.
Aiming: Magic Dart (safe; 4% risk of failure)
Press: ? - help, Shift-Dir - straight line, f/p - killer bee
Aim: a killer bee (severely wounded)
The magic dart hits the killer bee.
The killer bee is severely wounded.
The killer bee stings you.
* * * LOW HITPOINT WARNING * * *
You block the killer bee's attack.
You closely miss the killer bee.
The killer bee is severely wounded.
The killer bee misses you. The killer bee stings you.
* * * LOW HITPOINT WARNING * * *
You closely miss the killer bee.
The killer bee is severely wounded.
The killer bee closely misses you. The killer bee stings you.
You die...

...........#......
...#......#......
###
#..............).
#<#
###................
#.#
#..................
#.#
#.............##...
#.#
#..#...............
#.#
#..#.######.#.....#
#.#
#.@#.######.#.....#
#.#
#.y#..............#
#.#
#..########.##....#
#.# #..# #.#.....'
#.# #..# #.#.....#
#.# #..# #.#.....#
#.#
#..########.#.#####
#.# #...........#.#
#.#
##.##########.#####


You could see a killer bee.

Vanquished Creatures
  Grinder (D:2)
  Duvessa (D:5)
  2 ice beasts
  A sky beast (D:5)
  4 ogres
  A centaur (D:6)
  3 bullfrogs (D:7)
  Dowan (D:5)
  5 killer bees
  2 howler monkeys
  A bullfrog zombie (D:6)
  A hound (D:6)
  3 orc priests
  An iguana (D:6)
  5 worker ants
  A hound zombie (D:5)
  A howler monkey skeleton (D:7)
  5 adders
  An adder skeleton (D:7)
  A worm (D:2)
  3 dart slugs
  2 leopard geckos
  14 orcs
  2 ball pythons (D:4)
  7 bats
  5 giant cockroaches
  13 goblins
  6 hobgoblins
  7 jackals
  5 quokkas
  A frilled lizard (D:1)
  A jackal skeleton (D:4)
  4 kobolds
  A quokka skeleton (D:5)
  9 rats
121 creatures vanquished.

Notes
Turn   | Place    | Note
-------+----------+-------------------------------------------
     0 | D:1      | Darkshadow the Gargoyle Conjurer began the quest for the Orb.
     0 | D:1      | Reached XP level 1. HP: 10/10 MP: 3/3
   198 | D:1      | Reached XP level 2. HP: 16/16 MP: 0/5
   506 | D:1      | Reached skill level 1 in Fighting
   602 | D:1      | Reached skill level 1 in Armour
  1026 | D:2      | Reached XP level 3. HP: 18/20 MP: 3/6
  1612 | D:2      | Reached skill level 1 in Short Blades
  1758 | D:2      | Found a hazy altar of Hepliaklqana.
  1853 | D:2      | Found a shattered altar of Ashenzari.
  2031 | D:3      | Reached XP level 4. HP: 26/26 MP: 5/7
  2032 | D:3      | Noticed Grinder
  2582 | D:3      | Reached skill level 1 in Maces & Flails
  2819 | D:3      | Paralysed by Grinder for 7 turns
  2840 | D:2      | Paralysed by Grinder for 4 turns
  2847 | D:2      | Killed Grinder
  2847 | D:2      | Reached skill level 3 in Maces & Flails
  2847 | D:2      | Reached XP level 5. HP: 17/32 MP: 2/8
  2847 | D:2      | Reached XP level 6. HP: 19/37 MP: 2/9
  4228 | D:4      | Found a sparkling altar of Nemelex Xobeh.
  4229 | D:4      | Found an opulent altar of Gozag.
  4579 | D:4      | Found a shimmering altar of Xom.
  4786 | D:5      | Entered Level 5 of the Dungeon
  4895 | D:5      | Reached XP level 7. HP: 37/42 MP: 10/10
  5193 | D:4      | Reached skill level 4 in Maces & Flails
  5357 | D:5      | Noticed Duvessa
  5388 | D:5      | Noticed Dowan
  5399 | D:5      | Killed Duvessa
  5493 | D:5      | Killed Dowan
  5856 | D:5      | Reached skill level 5 in Maces & Flails
  5856 | D:5      | Reached XP level 8. HP: 40/48 MP: 0/11
  6160 | D:5      | Found a bloodstained altar of Trog.
  6321 | D:6      | Found a staircase to the Ecumenical Temple.
  6697 | D:6      | Reached skill level 5 in Fighting
  6697 | D:6      | Reached skill level 5 in Armour
  6697 | D:6      | Reached skill level 1 in Shields
  6719 | D:6      | Noticed Eustachio
  7113 | Temple   | Entered the Ecumenical Temple
  7962 | D:6      | Reached skill level 6 in Maces & Flails
  8373 | D:7      | Found a glowing golden altar of the Shining One.
  8373 | D:7      | Found a glowing silver altar of Zin.
  8420 | D:7      | Found a white marble altar of Elyvilon.
  8489 | D:6      | Reached XP level 9. HP: 7/55 MP: 8/12
  8995 | D:7      | Reached skill level 7 in Maces & Flails
  9161 | D:7      | Learned a level 2 spell: Blink
  9318 | D:7      | HP: 2/55 [killer bee (1)]
  9319 | D:7      | Slain by a killer bee

Vault maps used:
D:1:      dpeg_arrival_arbitrary_b
D:2:      nicolae_overflow_crystal_walls, nicolae_ashenzari_panopticon
D:3:      first_ration, kennysheep_nub, uniq_grinder
D:4:      grunt_temple_overflow_opulence, lemuel_round_altar
D:5:      bloody_trog, uniq_duvessa
D:6:      temple_fountains, enter_ossuary_2, uniq_eustachio
D:7:      good_gods_mini_temple, serial_glass, glass_columns_a, glass_columns_c
Temple:   nicolae_temple_figure_eight

Skill      XL: |  1  2  3  4  5  6  7  8  9 |
---------------+----------------------------+-----
Fighting       | 1 3 4 5 6 |  6.1
Armour         | 1 3 4 5 6 |  6.1
Short Blades   | 1 |  1.1
Maces & Flails | 3 5 6 7 |  7.1
Shields        | 3 |  3.6
Dodging        | |  1.5
Stealth        | |  2.1
Spellcasting   | |  2.1
Conjurations   | |  4.6
Translocations | |  0.3

Action                   |  1- 3 |  4- 6 |  7- 9 || total
-------------------------+-------+-------+-------++-------
Melee: Dagger            |    45 |       |       ||    45
       Flail             |     4 |    61 |    35 ||   100
       Quarterstaff      |       |     9 |       ||     9
       Morningstar       |       |       |   161 ||   161
       Mace              |       |       |    75 ||    75
Throw: Javelin           |     8 |     1 |       ||     9
 Cast: Magic Dart        |    60 |    50 |   157 ||   267
  Use: Scroll            |       |     7 |     2 ||     9
  Eat: Chunk             |     4 |     7 |     9 ||    20
       Ration            |       |     1 |     2 ||     3
Armor: Robe              |    14 |       |       ||    14
       Ring mail         |     9 |    45 |   118 ||   172
       Scale mail        |       |       |   185 ||   185
Dodge: Dodged            |    46 |    45 |   209 ||   300
Block: Buckler           |       |       |   160 ||   160

Table legend:
 A = Spawn XP
 B = Non-spawn XP
 C = Spawn XP percentage of total XP
 D = Spawn monster count
 E = Non-spawn monster count
 F = Spawn count percentage of total count
 G = Total turns spent on level
                    A         B        C        D         E        F      G
               +---------+---------+-------+---------+---------+-------+---------
         Total |       0 |    2871 |   0.0 |       0 |     121 |   0.0 |  9319
               +---------+---------+-------+---------+---------+-------+---------
           D:1 |       0 |      33 |   0.0 |       0 |      19 |   0.0 |  1116
           D:2 |       0 |     321 |   0.0 |       0 |      23 |   0.0 |  1142
           D:3 |       0 |      52 |   0.0 |       0 |      15 |   0.0 |  1171
           D:4 |       0 |     342 |   0.0 |       0 |      15 |   0.0 |  1969
           D:5 |       0 |     647 |   0.0 |       0 |      17 |   0.0 |  1508
           D:6 |       0 |     690 |   0.0 |       0 |      16 |   0.0 |  1555
           D:7 |       0 |     786 |   0.0 |       0 |      16 |   0.0 |   856
               +---------+---------+-------+---------+---------+-------+---------
